AoeStats
← rooskiebuck

Arena

509452037Analyzed
2v2 RM · 7d ago on Sep 26, 2026· 42m 44s· 4 players
Game mode
Random Map
Map size
Medium (4 player)
Population
200
Speed
Normal
Resources
Standard
Victory
Conquest
Starting age
Dark Age
Ending age
Imperial Age
RankedLock teamsTeams togetherTeam positionsShared explorationLock speedFull tech treeHidden civsTurbo modeCheats
Victory
Defeat
🇨🇭 Bohemians · Switzerland
799
+12
🇮🇳 Mongols · India
772
+13
🇺🇸 Burgundians · United States
810
-40
🇺🇸 Danes · United States
604
-9
BabaYaga0701356
10:44 Feudal Age
16:31 Castle Age
29:26 Imperial Age
29:08 Chemistry
29:08 Pikeman
29:49 Squires
29:36 Arson
32:22 Wheelbarrow
32:20 Double-Bit Axe
33:57 Hand Cart
35:31 Houfnice
36:41 Siege Engineers
36:33 Murder Holes
36:49 Fortified Wall
37:11 Halberdier
39:33 Ballistics
39:35 Bow Saw
39:09 Horse Collar
41:22 Two-Man Saw
40:25 Heavy Plow
41:14 Forging
41:05 Scale Mail Armor
41:05 Padded Archer Armor
40:56 Fletching
Bane24
10:49 Feudal Age
15:22 Castle Age
13:26 Double-Bit Axe
19:17 Horse Collar
20:12 Herbal Medicine
29:45 Gold Mining
29:45 Stone Mining
32:40 Murder Holes
33:07 Ballistics
32:58 Fortified Wall
35:12 Bow Saw
36:46 Gold Shaft Mining
36:46 Stone Shaft Mining
38:01 Nomads
41:11 Imperial Age
41:20 Elite Mangudai
rooskiebuck
1:07 Loom
7:23 Double-Bit Axe
8:59 Wheelbarrow
9:22 Horse Collar
13:30 Feudal Age
13:26 Gold Mining
14:31 Bow Saw
16:15 Hand Cart
16:04 Heavy Plow
16:42 Gold Shaft Mining
18:22 Forging
18:19 Scale Barding Armor
19:42 Fletching
23:30 Castle Age
22:52 Town Watch
23:42 Cavalier
24:25 Husbandry
24:52 Chain Barding Armor
25:08 Iron Casting
24:30 Bodkin Arrow
25:23 Stone Mining
27:38 Two-Man Saw
27:28 Caravan
28:34 Crop Rotation
30:21 Stone Shaft Mining
31:21 Town Patrol
32:23 Man-at-Arms
37:56 Imperial Age
35:24 Murder Holes
35:51 Ballistics
35:30 Long Swordsman
36:13 Scale Mail Armor
37:10 Squires
38:27 Fortified Wall
38:29 Masonry
38:51 Chain Mail Armor
38:10 Paladin
39:22 Conscription
40:23 Hoardings
39:50 Two-Handed Swordsman
42:04 Blast Furnace
ALEXANDER THE GREAT
11:08 Feudal Age
11:25 Loom
16:07 Castle Age
15:55 Double-Bit Axe
29:13 Stone Mining
29:18 Gold Mining
Connection lost

Rejoining the realm…

Still unreachable

The connection could not be restored.

Session expired

The server has moved on; the page needs a fresh start.